Map: Magannatha LE

Players

BLiTzKriEg

  • Race: Zerg Zerg
  • League: Platinum
  • Spawn Location: 5:00

ManlyManMeat - Winner!

  • Race: Protoss Protoss
  • League: Master
  • Spawn Location: 11:00

VOD

Have the link to the VOD?

Description

Time

  • Played on: June 13, 2025, 6:10 p.m.
  • Length: 24:24
Show
View Real Time Build Order
Export as new Build Order

BLiTzKriEg Zerg 

Build Orders: Hatch First 

Get SALT Encoding   

  12  0:01  Drone  
  13  0:08  Drone  
  14  0:16  Overlord  
  14  0:23  Extractor  
  14  0:24  Drone  
  14  0:25  Extractor  
  13  0:30  Drone  
  16  0:36  Drone  
  17  0:45  Drone  
  18  1:02  Hatchery  
  18  1:04  Drone  
  18  1:08  Drone  
  19  1:16  Spawning Pool  
  18  1:19  Extractor, Drone  
  18  1:27  Drone  
  19  1:40  Drone  
  20  2:03  Overlord, Drone  
  21  2:18  Extractor  
  21  2:19  Queen  
  21  2:20  Queen, Drone  
  21  2:21  Metabolic Boost  
  25  2:25  Overlord  
  25  2:34  Drone  
  25  2:35  Drone  
  25  2:36  Drone  
  28  2:47  Drone, Baneling Nest  
  28  2:50  Drone  
  29  2:55  Queen, Drone  
  29  2:56  Drone  
  34  3:05  Drone x2  
  34  3:06  Extractor  
  34  3:09  Drone  
  33  3:23  Zergling x4  
  35  3:33  Lair  
  35  3:38  Roach Warren, Drone x5  
  39  3:45  Zergling x4  
  41  3:51  Zergling x4  
  41  4:03  Zergling x4  
  43  4:12  Zergling x2  
  43  4:13  Overlord x3  
  44  4:18  Baneling x3  
  44  4:22  Spine Crawler  
  42  4:24  Evolution Chamber  
  41  4:33  Queen  
  41  4:34  Glial Reconstitution  
  41  4:36  Drone x2  
  41  4:47  Pneumatized Carapace  
  41  4:49  Zergling x2, Roach x2  
  44  5:08  Zergling x2  
  44  5:09  Zergling x10  
  50  5:18  Drone  
  51  5:30  Queen, Drone  
  54  5:41  Roach x3  
  60  5:44  Overlord  
  60  5:46  Hatchery  
  59  5:57  Zergling x2  
  60  6:15  Roach  
  60  6:16  Roach x3  
  60  6:18  Baneling x12  
  68  6:28  Overlord x2  
  68  6:38  Extractor x2  
  66  6:42  Hydralisk Den  
  64  6:48  Hatchery  
  61  7:02  Roach x4  
  61  7:03  Zergling x14  
  76  7:18  Drone x3  
  76  7:19  Drone x3  
  82  7:24  Drone  
  83  7:35  Centrifugal Hooks  
  82  7:57  Hydralisk x4  
  90  8:02  Overlord x2  
  90  8:03  Drone  
  90  8:04  Drone  
  90  8:05  Drone x5  
  93  8:37  Drone x15  
  93  8:40  Extractor  
  107  8:41  Extractor, Spine Crawler  
  107  8:43  Spine Crawler  
  107  8:44  Spine Crawler  
  107  8:45  Baneling x4  
  107  8:46  Overseer  
  103  8:50  Muscular Augments  
  93  9:20  Hydralisk  
  93  9:22  Overlord x2  
  93  9:23  Overlord x3  
  95  9:33  Overseer  
  95  9:51  Hydralisk x15  
  125  10:02  Lurker Den  
  125  10:04  Infestation Pit  
  123  10:12  Zergling x10  
  128  10:23  Overseer  
  128  10:31  Roach x9  
  128  10:32  Zergling x2  
  120  11:23  Hydralisk x2  
  120  11:24  Zergling x8, Drone  
  115  11:27  Overseer  
  104  12:09  Hydralisk x5  
  104  12:10  Hydralisk x4  
  104  12:11  Roach x2  
  104  12:12  Infestor x2, Roach x3  
  104  12:14  Queen  
  138  12:32  Zerg Missile Weapons Level 1  
  138  12:33  Hatchery  
  138  12:34  Hatchery  
  138  12:37  Zergling x2, Hydralisk, Extractor  
  135  12:38  Hydralisk x4  
  135  12:39  Evolution Chamber  
  135  12:41  Spore Crawler, Extractor  
  129  13:10  Infestor x4  
  129  13:11  Infestor x2  
  129  13:12  Zergling x4  
  143  13:16  Hive  
  143  13:21  Spire  
  142  13:37  Overlord  
  141  13:56  Hatchery  
  138  14:07  Hydralisk x9  
  138  14:08  Hydralisk  
  158  14:23  Hydralisk x3  
  152  14:43  Hydralisk  
  152  14:44  Hydralisk x4  
  92  15:25  Lair  
  52  15:47  Hatchery  
  52  15:49  Drone x3  
  57  15:50  Drone x8  
  57  15:54  Drone  
  63  16:08  Drone x3  
  66  16:12  Drone  
  66  16:16  Drone  
  68  16:30  Spore Crawler  
  68  16:32  Spine Crawler  
  64  16:42  Overseer  
  64  16:44  Hive  
  64  16:54  Infestor  
  64  16:55  Infestor  
  64  16:58  Drone  
  64  16:59  Drone  
  70  17:05  Drone x2  
  72  17:11  Hydralisk  
  74  17:24  Grooved Spines  
  74  17:27  Drone  
  74  17:28  Drone x2  
  77  17:33  Drone x5  
  77  17:35  Drone  
  83  17:38  Drone  
  83  17:40  Drone  
  85  17:47  Evolution Chamber  
  85  17:50  Lurker, Evolution Chamber  
  84  17:52  Lurker  
  84  17:55  Lurker  
  80  18:22  Hydralisk x7  
  94  18:29  Spine Crawler  
  94  18:33  Extractor  
  92  18:37  Lurker  
  93  18:47  Infestor  
  93  18:48  Infestor x3  
  101  18:58  Drone x3  
  101  18:59  Drone  
  101  19:00  Drone  
  104  19:15  Zergling x2  
  104  19:16  Zergling x12  
  111  19:26  Viper  
  114  19:44  Overlord x5  
  114  19:45  Zergling x2  
  115  19:52  Drone x3  
  118  19:53  Drone  
  118  19:54  Drone  
  117  20:22  Drone x13  
  130  20:45  Lurker x4  
  130  20:46  Lurker  
  135  20:52  Infestation Pit  
  134  21:08  Hatchery  
  134  21:10  Hydralisk Den  
  132  21:13  Hatchery  
  131  21:19  Spire  
  130  21:26  Zerg Ground Armor Level 1  
  130  21:30  Evolution Chamber  
  129  21:46  Hydralisk x2  
  129  21:47  Hydralisk x7  
  129  21:50  Overseer  
  147  21:55  Extractor x2  
  145  22:02  Infestor  
  145  22:03  Infestor x2  
  145  22:08  Lurker x3  
  154  22:25  Drone  
  155  22:33  Spawning Pool  
  154  22:50  Overlord  
  154  22:51  Overlord  
  154  22:58  Unknown  
  154  23:06  Corruptor x2  
  154  23:07  Corruptor x6  
  146  23:20  Corruptor x2  
  55  24:01  Zergling x2  
Show
View Real Time Build Order
Export as new Build Order

ManlyManMeat Protoss - Winner!

Build Orders:  

Get SALT Encoding   

  12  0:00  Probe  
  13  0:12  Probe  
  14  0:19  Pylon  
  14  0:24  Probe  
  15  0:37  Probe  
  15  0:41  Gateway  
  16  0:47  Assimilator  
  16  0:50  Probe  
  17  0:58  Probe  
  18  1:30  Cybernetics Core  
  18  1:33  Gateway  
  18  1:34  Probe  
  18  1:39  Pylon  
  19  1:46  Probe  
  19  2:02  Probe  
  20  2:09  Adept  
  20  2:10  Adept  
  20  2:12  Nexus  
  20  2:22  Warp Gate  
  24  2:26  Probe  
  25  2:39  Probe  
  25  2:40  Pylon  
  26  2:50  Adept x2  
  30  2:56  Probe  
  31  3:05  Robotics Facility  
  31  3:08  Probe  
  32  3:25  Stalker x2  
  32  3:30  Probe  
  32  3:31  Probe  
  38  3:42  Probe  
  38  3:47  Probe  
  40  3:52  Stalker  
  40  3:55  Probe  
  43  4:10  Probe  
  43  4:11  Probe  
  45  4:22  Probe  
  45  4:23  Probe  
  47  4:35  Probe x2  
  49  4:56  Stalker  
  49  4:57  Probe x2  
  47  5:09  Nexus, Probe x2  
  49  5:17  Immortal  
  49  5:19  Gateway  
  53  5:21  Probe  
  53  5:22  Pylon  
  53  5:24  Gateway  
  53  5:28  Gateway  
  54  5:33  Forge  
  54  5:38  Pylon  
  54  5:40  Probe x2  
  56  5:46  Pylon  
  56  5:49  Pylon  
  56  5:51  Pylon  
  56  5:52  Probe x2  
  56  5:55  Stalker  
  56  5:56  Stalker  
  62  5:59  Immortal  
  62  6:04  Probe  
  67  6:06  Pylon  
  67  6:10  Pylon  
  67  6:23  Assimilator  
  67  6:24  Probe x3  
  70  6:28  Zealot x2  
  70  6:29  Zealot x3  
  80  6:34  Probe  
  80  6:36  Probe x2  
  80  6:37  Assimilator  
  83  6:42  Assimilator, Probe  
  84  6:48  Probe x2  
  86  7:01  Probe x2  
  88  7:12  Stalker x2  
  88  7:13  Stalker x2  
  96  7:28  Assimilator  
  96  7:29  Assimilator  
  96  7:30  Shield Battery  
  96  7:35  Photon Cannon  
  96  7:41  Protoss Shields Level 1  
  96  7:43  Photon Cannon x2  
  94  7:46  Immortal  
  94  7:53  Shield Battery, Forge  
  94  7:54  Forge  
  94  7:57  Zealot x4  
  94  7:58  Zealot  
  104  8:20  Zealot x5  
  114  8:40  Immortal  
  118  8:42  Zealot x3  
  124  8:50  Robotics Bay  
  124  8:53  Robotics Facility  
  118  9:15  Immortal  
  106  9:25  Zealot x2  
  106  9:26  Zealot x3  
  106  9:27  Protoss Ground Armor Level 1, Protoss Ground Weapons Level 1  
  112  9:31  Immortal  
  112  9:44  Immortal  
  120  10:00  Immortal  
  120  10:10  Nexus, Pylon  
  120  10:12  Pylon, Twilight Council  
  124  10:15  Assimilator x2  
  124  10:22  Probe  
  124  10:26  Observer  
  127  10:28  Probe x2  
  127  10:29  Pylon  
  127  10:32  Pylon  
  127  10:34  Pylon, Probe  
  129  10:36  Pylon  
  129  10:41  Pylon  
  129  10:48  Gateway  
  113  10:57  Sentry  
  113  10:58  Sentry x4  
  85  11:28  Immortal x2  
  85  11:31  Stalker x5  
  101  11:45  Protoss Ground Armor Level 2, Protoss Ground Weapons Level 2  
  94  11:57  Immortal  
  94  11:58  Immortal  
  93  12:01  Probe x3  
  93  12:02  Probe  
  105  12:13  Probe x2  
  105  12:14  Photon Cannon, Probe  
  108  12:17  Probe  
  108  12:19  Photon Cannon  
  109  12:25  Probe  
  109  12:27  Zealot  
  109  12:28  Zealot  
  114  12:50  Zealot x4  
  114  12:51  Zealot, Immortal  
  123  12:52  Immortal  
  111  13:03  Probe x2  
  117  13:06  Probe x2  
  121  13:26  Immortal  
  121  13:27  Observer  
  122  13:38  Immortal  
  126  13:43  Charge  
  130  13:54  Zealot x5  
  127  14:05  Immortal  
  127  14:09  Shield Battery, Photon Cannon  
  131  14:11  Pylon  
  131  14:13  Pylon  
  131  14:24  Zealot x5  
  131  14:29  Zealot x5  
  131  14:31  Immortal  
  139  14:45  Immortal  
  135  14:51  Zealot x2  
  139  15:06  Immortal  
  133  15:07  Zealot x2  
  127  15:15  Immortal  
  119  15:24  Zealot x3  
  107  15:33  Immortal  
  84  15:47  Immortal  
  88  15:55  Protoss Ground Weapons Level 3  
  92  16:07  Nexus  
  92  16:08  Observer  
  93  16:39  Zealot x5  
  99  16:45  Immortal  
  103  16:58  Protoss Ground Armor Level 3  
  103  17:04  Immortal  
  107  17:18  Immortal  
  107  17:22  Probe  
  108  17:23  Probe  
  113  17:54  Immortal  
  113  17:57  Immortal  
  116  18:22  Stalker x2  
  120  18:32  Templar Archives  
  120  18:42  Zealot x3  
  126  18:51  Observer x2  
  126  18:52  Blink  
  126  18:53  Protoss Shields Level 2  
  126  18:57  Nexus  
  126  19:23  Zealot x5  
  134  19:28  Disruptor x2  
  134  19:36  Extended Thermal Lance  
  138  19:52  Zealot x5  
  156  20:08  Observer  
  156  20:09  Observer  
  147  20:20  Probe x2  
  135  20:35  Disruptor  
  135  20:36  Disruptor  
  135  20:38  Zealot x3  
  149  20:53  High Templar  
  149  20:55  High Templar x2  
  151  21:00  High Templar x3  
  151  21:03  Colossus  
  157  21:04  Colossus  
  157  21:05  Archon  
  157  21:13  Protoss Shields Level 3  
  157  21:16  Psionic Storm  
  169  21:32  High Templar  
  169  21:33  High Templar x2  
  169  21:38  Archon x3  
  175  21:53  Nexus  
  175  21:57  Warp Prism  
  175  21:58  Warp Prism  
  179  22:03  Nexus  
  179  22:05  Pylon  
  178  22:08  Pylon  
  178  22:10  Assimilator  
  178  22:14  Nexus, Assimilator  
  178  22:32  High Templar x6  
  190  22:37  Archon x3  
  190  22:55  Pylon  
  190  22:57  Pylon  
  188  22:59  Shield Battery  
  188  23:00  Shield Battery  
  188  23:04  Photon Cannon  
  180  23:07  Photon Cannon  
  176  23:25  High Templar x5  
  186  23:35  Archon x2  
  114  23:57  Probe  
  114  23:58  Probe x4  
  114  24:01  High Templar x4  
  130  24:10  Probe x2  
Tags
 
Add a new tag
Caveats
  • Supply blocks, unpowered buildings, or Contaminate may cause inaccurate times.
  • Supply counts are checked every 10 seconds.